 Dungeon Crawl Stone Soup version 0.20.0-15-g7f486f2 (webtiles) character file.

169712 vishdafish the Severer (level 18, -9/142 HPs)
             Began as a Formicid Fighter on June 30, 2017.
             Was the Champion of Cheibriados.
             Killed from afar by a battlesphere (11 damage)
             ... created by a tengu reaver
             ... on level 15 of the Dungeon.
             The game lasted 01:27:44 (28873 turns).

vishdafish the Severer (Formicid Fighter)          Turns: 28873, Time: 01:27:47

Health: -9/142     AC: 17    Str: 40    XL:     18   Next: 61%
Magic:  28/28      EV: 25    Int: 24    God:    Cheibriados [******]
Gold:   2150       SH: 17    Dex: 32    Spells: 14/17 levels left

rFire    + + .     SeeInvis +   M - +1 battleaxe
rCold    + + .     Gourm    .   c - +0 shield
rNeg     . . .     Faith    .   Z - +5 ring mail of the Unseen Realm {rPois rF+}
rPois    +         Spirit   .   (helmet unavailable)
rElec    .         Reflect  .   t - scarf {rC+ rF+}
rCorr    .         Harm     .   d - +1 pair of gloves
MR       +....                  e - +0 pair of boots
Stlth    ++........             i - amulet of regeneration
Regen    0.8/turn               W - +4 ring of dexterity
MPRegen  0.3/turn               O - ring of protection from cold

@: very slow
A: permanent stasis, dig shafts and tunnels, four strong arms, antennae 3
a: Dig, Shaft Self, Bend Time, Temporal Distortion, Slouch, Step From Time,
Renounce Religion


You were on level 15 of the Dungeon.
You worshipped Cheibriados.
Cheibriados was exalted by your worship.
You were not hungry.

You visited 6 branches of the dungeon, and saw 28 of its levels.
You also visited: Ossuary.

You collected 2456 gold pieces.
You spent 306 gold pieces at shops.

Inventory:

Hand Weapons
 n - a +4 arbalest of freezing
 H - a +1 whip of freezing
 M - a +1 battleaxe (weapon)
Missiles
 r - 126 bolts
Armour
 b - the +6 scale mail of the Alphagorgon {rPois rC- rN+++ Str-2}
   (You found it on level 10 of the Dungeon)

   It affects your strength (-2).
   It makes you vulnerable to cold.
   It protects you from poison.
   It renders you almost immune to negative energy.
 c - a +0 shield (worn)
 d - a +1 pair of gloves (worn)
 e - a +0 pair of boots (worn)
 t - a scarf of resistance (worn)
 R - a +0 large shield
 Z - the +5 ring mail of the Unseen Realm (worn) {rPois rF+}
   (You found it on level 10 of the Dungeon)

   It protects you from fire.
   It protects you from poison.
Jewellery
 i - an amulet of regeneration (around neck)
 O - a ring of protection from cold (right hand)
 V - an uncursed ring of resist corrosion
 W - a +4 ring of dexterity (left hand)
Wands
 a - a wand of acid (7/15)
 z - a wand of digging (14/24)
 U - a wand of flame (32/48)
Scrolls
 j - 17 scrolls of remove curse
 m - 8 scrolls of fog
 p - 7 scrolls of enchant armour
 x - a scroll of torment
 y - 2 scrolls of vulnerability
 B - 5 scrolls of amnesia
 C - 4 scrolls of fear
 D - 4 scrolls of recharging
 E - 2 scrolls of immolation
 L - 6 scrolls of enchant weapon
 P - 4 scrolls of magic mapping
 S - 5 scrolls of summoning
Potions
 h - 4 potions of resistance
 l - 16 potions of curing
 o - 3 potions of agility
 s - 2 potions of mutation
 u - 2 potions of cancellation
 v - 6 potions of flight
 w - 5 potions of heal wounds
 A - 3 potions of brilliance
 F - 2 potions of magic
 G - 7 potions of lignification {unknown}
 Q - 2 potions of ambrosia {unknown}
 T - 4 potions of invisibility {unknown}
 X - a potion of berserk rage {unknown}
 Y - 7 potions of might
Books
 J - a book of Maledictions

   Spells                             Type                      Level
   a - Corona                         Hexes                        1
   b - Ensorcelled Hibernation        Hexes/Ice                    2
   c - Confuse                        Hexes                        3
   d - Tukima's Dance                 Hexes                        3
   e - Dazzling Spray                 Conjuration/Hexes            3
Miscellaneous
 q - a phial of floods
 K - a lightning rod (4/4)
 N - 2 phantom mirrors
Comestibles
 f - 9 bread rations
 g - 10 royal jellies
 k - 8 meat rations
 I - 54 fruits


   Skills:
 + Level 12.6 Fighting
 * Level 15.3 Axes
 * Level 11.3 Crossbows
 + Level 14.4 Armour
 * Level 11.3 Dodging
 * Level 12.1 Shields
 * Level 13.3 Invocations


You had 14 spell levels left.
You knew the following spells:

 Your Spells              Type           Power        Failure   Level  Hunger
a - Tukima's Dance        Hex            #.......     45%         3    ####...


Dungeon Overview and Level Annotations

Branches:
Dungeon (15/15)            Temple (1/1) D:6            Lair (6/6) D:8
  Swamp (0/4) Lair:2        Snake (3/4) Lair:3        Slime (0/5) Lair:5
    Orc (2/2) D:11            Elf (0/3) Orc:2        Vaults (0/5) D:14
 Depths (1/5) D:15

Altars:
Ashenzari
Cheibriados
Dithmenos
Elyvilon
Fedhas
Gozag
Hepliaklqana
Kikubaaqudgha
Makhleb
Nemelex Xobeh
Okawaru
Qazlal
Ru
Sif Muna
Trog
Uskayaw
Vehumet
Xom
Yredelemnul
Zin
The Shining One
Beogh
Jiyva

Shops:
D:4 }*}   D:10 ::}   Orc:1 *   Orc:2 *?!([   Snake:1 %

Portals:
Trove: D:12 (give 18 potions of curing)

Annotations:
D:15 exclusion: Roxanne, Roxanne


Innate Abilities, Weirdness & Mutations

You cannot be hasted, slowed, berserked, paralysed or teleported.
You can dig through walls and to a lower floor.
Your four strong arms can wield two-handed weapons with a shield.
You have a pair of large antennae on your head. (SInv)


Message History

You slash the tengu warrior!
You kill the tengu warrior!
Cheibriados appreciates the change of pace.
You hit the tengu reaver.
The tengu reaver hits you with a great mace of holy wrath!!
* * * LOW HITPOINT WARNING * * *
The tengu reaver misses you. x2
You slice the tengu reaver!!
The tengu reaver is heavily wounded.
The tengu reaver points at you and mumbles some strange words.
The bolt of magma misses you.
The battlesphere fires!
The barrage of energy hits you!
* * * LOW HITPOINT WARNING * * *
You slice the tengu reaver!!
The tengu reaver is almost dead.
The tengu reaver casts a spell at you. The bolt of magma hits you!
You partially resist.
* * * LOW HITPOINT WARNING * * *
The battlesphere fires!
The barrage of energy hits you!
You die...

.≈≈≈≈.# #.# #.# ≈≈≈≈≈≈#
#####.##### #.#
)≈≈≈≈.######...)[....####### #.#
.≈≈≈≈......................# #..
...P...###8....8..8[...###.# #..
..(....# #8.8....8.....###)####..
###..).###.8...P...*.(.)).)(([.<.
# ##........P..).).....[##.###...
# ###.##.......@...8..(##(##./..
# #........88Q8....)###(###...
##.....8...P....88....# ##.#
#.#......P....8..##### #.#
#.......P8.....P.# #.#
#.###.......).8.## ##)# #
#..............## ##... ##
#.########.#.#### ##.... .##
##.## ###...##.## ##.....


You could see a tengu reaver and a battlesphere.

Vanquished Creatures
  Rupert (D:15)
  A nagaraja (Snake:3)
  2 ghouls (D:15)
  A stone giant (Orc:1)
  Nessos (Lair:5)
  A dire elephant (Lair:3)
  The ghost of TBriggs11TB the Carver, a journeyman DsGl of Makhleb (D:11)
  3 ettins (Orc:1)
  The ghost of polve the Carver, a journeyman VSFi of Okawaru (Lair:6)
  A fire dragon (Lair:6)
  4 ogre magi
  Josephine (D:15)
  10 naga warriors
  8 anacondas
  3 centaur warriors
  2 catoblepae
  A death knight (D:12)
  4 hydras
  22 two-headed ogres
  2 tengu warriors (D:15)
  Urug (Lair:2)
  7 naga sharpshooters
  A vampire mage (D:15)
  3 shock serpents
  Sonja (D:15)
  An iron troll (D:14)
  3 skeletal warriors (D:15)
  4 salamander mystics (Snake:3)
  2 sea snakes (Snake:1)
  A glowing orange brain (shapeshifter) (D:15)
  2 unseen horrors
  5 naga ritualists
  2 deep trolls
  The ghost of vishdafish the Grappler, a novice TrMo (D:6)
  A wizard (D:14)
  2 lindwurms
  3 orc knights
  Pikel (D:5)
  A deep elf mage (D:15)
  A phantasmal warrior (D:14)
  A wolf spider zombie (D:15)
  13 salamanders
  3 mana vipers
  2 necromancers
  15 ugly things
  5 cyclopes
  A salamander (shapeshifter) (D:14)
  An elephant (shapeshifter) (D:14)
  28 black mambas
  3 guardian serpents
  20 elephants
  12 naga magi
  4 centaur skeletons (D:15)
  3 molten gargoyles (Lair:6)
  8 spiny frogs
  4 gargoyles
  A kobold demonologist (D:15)
  A freezing wraith (D:10)
  3 rime drakes
  2 redback zombies (D:13)
  6 komodo dragons
  A tengu conjurer (D:15)
  7 polar bears
  12 trolls
  The ghost of vishdafish the Shield-Bearer, an amateur FoFi (D:7)
  A hornet (D:10)
  Prince Ribbit (D:8)
  19 blink frogs
  2 ettin zombies (D:15)
  20 dream sheep
  10 hippogriffs
  11 slime creatures
  An elf zombie (D:15)
  Sigmund (D:2)
  A water elemental (D:15)
  3 shadows
  11 wyverns
  53 yaks
  A deep troll skeleton (D:15)
  5 wraiths
  A hungry ghost (D:12)
  8 vampire mosquitoes
  8 basilisks
  2 steam dragons
  33 nagas
  2 wargs (Orc:2)
  Menkaure (D:7)
  4 acid dragons
  3 hell hounds (Lair:6)
  Duvessa (D:6)
  10 water moccasins
  8 porcupines
  A swamp drake (D:8)
  2 sky beasts (D:5)
  2 black bears
  A black bear (shapeshifter) (D:14)
  An ice beast (D:9)
  23 orc warriors
  4 phantoms
  2 slaves
  34 ogres
  17 centaurs
  22 crocodiles
  A big kobold (shapeshifter) (D:14)
  4 big kobolds
  12 bullfrogs
  Blork the orc (D:5)
  2 water moccasin zombies
  Dowan (D:6)
  A wyvern skeleton (D:11)
  A water moccasin skeleton (D:10)
  15 killer bees
  14 scorpions
  19 wights
  A howler monkey (Temple)
  5 centaur zombies
  3 electric eels (Snake:1)
  17 crimson imps
  5 lava snakes (Lair:6)
  4 bullfrog zombies
  4 human zombies (Ossuary)
  11 hounds
  3 jellies
  19 orc priests
  2 bullfrog skeletons
  18 orc wizards
  Jessica (D:2)
  5 iguanas
  14 worker ants
  2 big kobold zombies (Ossuary)
  2 hound zombies
  2 hound skeletons
  5 mummies
  A worker ant zombie (D:8)
  6 adders
  7 gnolls
  A howler monkey skeleton (D:8)
  2 scorpion zombies (Ossuary)
  2 shadow imps
  2 oozes
  An adder skeleton (D:6)
  A worm (D:2)
  A dart slug (D:2)
  2 leopard geckos
  76 orcs
  5 bats
  4 giant cockroaches
  9 goblins
  5 hobgoblins
  24 jackals
  17 kobolds
  2 quokkas
  6 frilled lizards
  3 gnoll zombies (Ossuary)
  A kobold zombie (Ossuary)
  3 leopard gecko skeletons
  3 orc zombies (Ossuary)
  6 rats
  A bush (Lair:6)
  3 fungi
  4 plants
  4 withered plants (D:15)
996 creatures vanquished.

Vanquished Creatures (others)
  A slave (D:6)
  A bullfrog (D:6)
  A goblin zombie (Ossuary)
  An orc zombie (Ossuary)
  68 fungi
  46 plants
  7 withered plants (D:15)
125 creatures vanquished.

Grand Total: 1121 creatures vanquished

Notes
Turn   | Place    | Note
-------+----------+-------------------------------------------
     0 | D:1      | vishdafish the Formicid Fighter began the quest for the Orb.
     0 | D:1      | Reached XP level 1. HP: 18/18 MP: 1/1
    75 | D:1      | Reached XP level 2. HP: 24/24 MP: 2/2
   645 | D:2      | Reached XP level 3. HP: 28/29 MP: 3/3
   992 | D:2      | Noticed Sigmund
  1010 | D:2      | Killed Sigmund
  1010 | D:2      | Reached skill level 3 in Axes
  1010 | D:2      | Reached skill level 1 in Dodging
  1010 | D:2      | Reached XP level 4. HP: 4/38 MP: 4/4
  1010 | D:2      | Reached XP level 5. HP: 5/43 MP: 5/5
  1010 | D:2      | Reached XP level 6. HP: 5/49 MP: 6/6
  1360 | D:2      | You fall through a shaft!
  1733 | D:2      | Noticed Jessica
  1751 | D:2      | Killed Jessica
  1867 | D:3      | Reached skill level 4 in Axes
  2268 | D:3      | Found a sacrificial altar of Ru.
  2465 | D:3      | Became a worshipper of Ru the Awakened
  2539 | D:4      | Found a shimmering altar of Xom.
  2645 | D:4      | Reached XP level 7. HP: 54/55 MP: 7/7
  2659 | D:4      | Found a sand-covered staircase.
  2663 | Ossuary  | Entered an ossuary
  2840 | Ossuary  | Reached skill level 5 in Armour
  3017 | Ossuary  | Reached skill level 5 in Shields
  3266 | Ossuary  | Reached skill level 5 in Fighting
  3266 | Ossuary  | Reached skill level 5 in Axes
  3473 | Ossuary  | Reached XP level 8. HP: 55/62 MP: 8/8
  3847 | D:4      | Found Taymich's Gadget Shop.
  3887 | D:4      | Reached skill level 6 in Axes
  4014 | D:4      | Found a glowing silver altar of Zin.
  4014 | D:4      | Found a sparkling altar of Nemelex Xobeh.
  4242 | D:4      | Found Naiq Ysi's Gadget Shop.
  4252 | D:4      | Found Wouges's General Store.
  4448 | D:4      | Reached XP level 9. HP: 69/69 MP: 9/9
  4648 | D:5      | Entered Level 5 of the Dungeon
  4826 | D:5      | Noticed Blork the orc
  4840 | D:5      | Killed Blork the orc
  4920 | D:5      | Reached skill level 7 in Axes
  4923 | D:5      | Found a deep blue altar of Sif Muna.
  4924 | D:5      | Found a bloodstained altar of Trog.
  4924 | D:5      | Found a shadowy altar of Dithmenos.
  4938 | D:5      | Found a burning altar of Makhleb.
  5078 | D:5      | HP: 3/71 [yak (8)]
  5080 | D:5      | Reached skill level 8 in Axes
  5080 | D:5      | Reached XP level 10. HP: 14/77 MP: 10/10
  5276 | D:6      | Noticed Pikel
  5284 | D:6      | Noticed vishdafish's ghost (novice TrMo)
  5299 | D:5      | Killed Pikel
  5465 | D:6      | Noticed Duvessa
  5466 | D:6      | Noticed Dowan
  5602 | D:6      | Killed Duvessa
  5607 | D:6      | Killed Dowan
  5662 | D:6      | Found a staircase to the Ecumenical Temple.
  5713 | Temple   | Entered the Ecumenical Temple
  6250 | D:6      | Found an iron altar of Okawaru.
  6326 | D:6      | Killed vishdafish's ghost
  6326 | D:6      | Reached skill level 9 in Axes
  6740 | D:7      | Noticed Menkaure
  6748 | D:7      | Killed Menkaure
  6785 | D:7      | Found a white marble altar of Elyvilon.
  6823 | D:7      | Noticed vishdafish's ghost (amateur FoFi)
  6847 | D:7      | Killed vishdafish's ghost
  6847 | D:7      | Reached skill level 10 in Armour
  6862 | D:7      | Found a snail-covered altar of Cheibriados.
  7039 | D:7      | Fell from the grace of Ru
  7039 | D:7      | Became a worshipper of Cheibriados the Contemplative
  7171 | D:7      | Reached XP level 11. HP: 77/86 MP: 11/11
  7291 | D:8      | Noticed Prince Ribbit
  7304 | D:8      | Killed Prince Ribbit
  7564 | D:8      | Reached * piety under Cheibriados
  7876 | D:8      | Noticed a white ugly thing
  7899 | D:8      | Killed a white ugly thing
  7899 | D:8      | Reached skill level 10 in Axes
  8187 | D:8      | Noticed a two-headed ogre
  8199 | D:8      | Killed a two-headed ogre
  8298 | D:8      | Found a staircase to the Lair.
  8487 | D:9      | Reached ** piety under Cheibriados
  8636 | D:9      | Found a hazy altar of Hepliaklqana.
  8809 | D:9      | Noticed a two-headed ogre
  8818 | D:9      | Killed a two-headed ogre
  9285 | D:10     | Entered Level 10 of the Dungeon
  9285 | D:10     | Found Istruhues's Quality Used Wands.
  9301 | D:10     | Reached *** piety under Cheibriados
  9460 | D:10     | Noticed a two-headed ogre
  9472 | D:10     | Killed a two-headed ogre
  9472 | D:10     | Reached XP level 12. HP: 44/95 MP: 12/12
  9649 | D:10     | You fall through a shaft for 2 floors!
  9912 | D:12     | Reached skill level 1 in Invocations
  9917 | D:12     | Reached skill level 11 in Axes
 10024 | D:12     | Reached **** piety under Cheibriados
 10066 | D:12     | Noticed a death knight
 10089 | D:12     | Killed a death knight
 10283 | D:12     | Found a portal to a secret trove of treasure.
 10509 | D:12     | Noticed a catoblepas
 10524 | D:12     | Killed a catoblepas
 10621 | D:11     | Found a stormy altar of Qazlal.
 10712 | D:11     | Found a staircase to the Orcish Mines.
 10898 | D:11     | Reached ***** piety under Cheibriados
 11161 | D:11     | Noticed TBriggs11TB's ghost (journeyman DsGl)
 11191 | D:11     | Killed TBriggs11TB's ghost
 11191 | D:11     | Reached skill level 5 in Invocations
 11553 | D:10     | Reached XP level 13. HP: 102/102 MP: 16/16
 11584 | D:10     | Got a smoking ring mail
 11595 | D:10     | Identified the +5 ring mail of the Unseen Realm {rPois rF+} (You found it on level 10 of the Dungeon)
 11614 | D:10     | Got a jewelled scale mail
 11630 | D:10     | Identified the +6 scale mail of the Alphagorgon {rPois rC- rN+++ Str-2} (You found it on level 10 of the Dungeon)
 11650 | D:10     | Got a warped ring mail
 11661 | D:10     | Identified the +1 ring mail of the Valley {*Slow Str+2 Dex+3} (You found it on level 10 of the Dungeon)
 11888 | D:10     | Reached skill level 1 in Crossbows
 12002 | D:10     | Found Xutzaix's Book Shoppe.
 12020 | D:10     | Reached skill level 5 in Dodging
 12043 | D:10     | Found Juaxiv's Book Shop.
 12107 | D:11     | Learned a level 3 spell: Tukima's Dance
 12486 | Lair:1   | Entered Level 1 of the Lair of Beasts
 12505 | Lair:1   | Reached skill level 12 in Axes
 12711 | Lair:1   | Got a translucent rapier
 12712 | Lair:1   | Identified the +6 rapier of Duosch {freeze, rN++} (You found it on level 1 of the Lair of Beasts)
 12943 | Lair:1   | Reached skill level 10 in Fighting
 13052 | Lair:1   | Found a hide-covered altar of Uskayaw.
 13509 | Lair:2   | Found a staircase to the Swamp.
 13751 | Lair:2   | Noticed Urug
 13760 | Lair:2   | Killed Urug
 14485 | Lair:3   | Reached ****** piety under Cheibriados
 14793 | Lair:3   | Reached XP level 14. HP: 106/111 MP: 19/19
 14798 | Lair:3   | Noticed a dire elephant
 14813 | Lair:3   | Killed a dire elephant
 14907 | Lair:3   | Found a staircase to the Snake Pit.
 15252 | Lair:4   | Reached skill level 5 in Crossbows
 16027 | Lair:5   | Noticed Nessos
 16031 | Lair:5   | Killed Nessos
 16417 | Lair:5   | Reached skill level 13 in Axes
 16690 | Lair:5   | Found a viscous altar of Jiyva.
 16691 | Lair:5   | Found a staircase to the Slime Pits.
 16972 | Lair:6   | Entered Level 6 of the Lair of Beasts
 17510 | Lair:6   | Noticed polve's ghost (journeyman VSFi)
 17516 | Lair:6   | Reached XP level 15. HP: 118/118 MP: 22/22
 17522 | Lair:6   | Killed polve's ghost
 17787 | Lair:6   | Reached skill level 10 in Invocations
 18338 | Lair:6   | Found a large runed door.
 18339 | Lair:6   | Found a large runed door.
 18800 | Lair:6   | Got a twitching bone amulet
 18802 | Lair:6   | Identified the amulet of Kiureom {Inacc rC- rN+ Str+4 Int+4} (You found it on level 6 of the Lair of Beasts)
 19558 | Orc:1    | Entered Level 1 of the Orcish Mines
 19561 | Orc:1    | Noticed a stone giant
 19583 | Orc:1    | Killed a stone giant
 19790 | Orc:1    | Found Mecoxt's Assorted Antiques.
 19990 | Orc:1    | Found a roughly hewn altar of Beogh.
 20142 | Orc:2    | Entered Level 2 of the Orcish Mines
 20142 | Orc:2    | Found Evygitti's Distillery.
 20568 | Orc:1    | Reached XP level 16. HP: 100/126 MP: 24/24
 20614 | Orc:2    | Found Wesin's Armour Shop.
 20616 | Orc:2    | Found Figiha's Magic Scroll Emporium.
 20656 | Orc:2    | Bought a potion of curing for 39 gold pieces
 20656 | Orc:2    | Bought a potion of curing for 39 gold pieces
 20663 | Orc:2    | Found Ylerhasa's Antique Weapon Boutique.
 20668 | Orc:2    | Bought a scroll of identify for 28 gold pieces
 20668 | Orc:2    | Bought a scroll of identify for 28 gold pieces
 20668 | Orc:2    | Bought a scroll of identify for 28 gold pieces
 20673 | Orc:2    | Found a staircase to the Elven Halls.
 20689 | Orc:2    | Found Afagas's General Store.
 20707 | Orc:2    | Found a roughly hewn altar of Beogh.
 20730 | Orc:2    | Bought a potion of curing for 48 gold pieces
 20730 | Orc:2    | Bought 2 potions of curing for 96 gold pieces
 21463 | Snake:1  | Entered Level 1 of the Snake Pit
 21593 | Snake:1  | Found Rig Leza's Food Shop.
 21669 | Snake:1  | Reached skill level 14 in Axes
 23358 | Snake:2  | Reached skill level 10 in Shields
 23667 | Snake:2  | Reached skill level 10 in Dodging
 24149 | Snake:2  | Reached XP level 17. HP: 126/133 MP: 25/25
 24274 | Snake:3  | Reached skill level 10 in Crossbows
 26365 | D:14     | Found a gate to the Vaults.
 26776 | D:14     | Reached skill level 15 in Axes
 27036 | D:15     | Entered Level 15 of the Dungeon
 27055 | D:15     | Found a staircase to the Depths.
 27274 | D:15     | Reached XP level 18. HP: 99/141 MP: 27/27
 27605 | D:15     | Noticed Sonja
 27609 | D:15     | Killed Sonja
 27711 | D:15     | Noticed Josephine
 27718 | D:15     | Killed Josephine
 28032 | D:15     | Noticed Rupert
 28049 | D:15     | Killed Rupert
 28329 | D:15     | Noticed Roxanne
 28813 | Depths:1 | Entered Level 1 of the Depths
 28873 | D:15     | HP: 2/142 [tengu reaver/bolt of magma (23)]
 28873 | D:15     | Killed from afar by a battlesphere

Skill      XL: |  1  2  3  4  5  6  7  8  9 10 11 12 13 14 15 16 17 18 |
---------------+-------------------------------------------------------+-----
Shields        | 4 5 6 7 8 9 10 11 12 | 12.1
Fighting       | 4 5 6 7 9 10 11 12 | 12.6
Axes           | 3 4 5 6 8 9 10 11 12 13 14 15 | 15.3
Armour         | 4 5 7 8 10 11 12 13 14 | 14.4
Dodging        | 1 4 6 7 9 10 11 | 11.3
Invocations    | 5 7 9 11 12 13 | 13.3
Crossbows      | 4 6 8 9 10 11 | 11.3

Action                   |  1- 3 |  4- 6 |  7- 9 | 10-12 | 13-15 | 16-18 || total
-------------------------+-------+-------+-------+-------+-------+-------++-------
Melee: War axe           |    86 |   128 |   434 |   966 |  1070 |   747 ||  3431
       Whip              |       |       |       |       |    29 |       ||    29
       Battleaxe         |       |       |       |       |       |   208 ||   208
 Fire: Arbalest          |       |       |       |       |    39 |   309 ||   348
Invok: Reject Sacrifices |       |       |     1 |       |       |       ||     1
       Bend Time         |       |       |       |     2 |       |       ||     2
       Slouch            |       |       |       |       |     4 |     7 ||    11
       Temporal Distorti |       |       |       |       |       |     1 ||     1
 Abil: Shaft Self        |       |       |       |     1 |       |       ||     1
       Dig               |       |       |       |       |       |     5 ||     5
  Use: Scroll            |       |     2 |     5 |     7 |     8 |     8 ||    30
       Potion            |       |       |     1 |     2 |     1 |     2 ||     6
 Stab: Invisible         |       |       |       |     2 |       |       ||     2
       Sleeping          |       |       |       |       |     4 |     1 ||     5
       Distracted        |       |       |       |       |     3 |     2 ||     5
  Eat: Chunk             |       |     4 |     3 |     8 |     3 |     3 ||    21
       Meat ration       |       |     1 |     1 |     2 |     3 |     2 ||     9
       Bread ration      |       |       |       |       |       |     1 ||     1
Armor: Scale mail        |    42 |    16 |       |       |       |       ||    58
       Plate armour      |       |    40 |   199 |   446 |     8 |       ||   693
       Ring mail         |       |       |       |       |   207 |   144 ||   351
Dodge: Dodged            |    24 |    32 |    79 |   287 |   683 |   683 ||  1788
Block: Shield            |    44 |    63 |   220 |   646 |   862 |   820 ||  2655
